[ AOE2 MATCH · #470910430 ]
UnrankedMongols vs Lithuanians
[ REPLAY ANALYSIS · EXTRACTED FROM THE RECORDED GAME ]
Feudal
10:56
Castle
14:26
Imperial
29:28
| APM avg | 53.9 |
| APM peak | 104 |
| eAPM avg | 22.0 |
| Villagers / military | 126 / 91 |
Focus
⚔️ 26.7% · 🌾 73.3%
Mangudai ×59 · Battering Ram ×24 · Trebuchet (Packed) ×6 · Monk ×2
Feudal
10:06
Castle
13:47
Imperial
30:02
| APM avg | 36.4 |
| APM peak | 77 |
| eAPM avg | 24.9 |
| Villagers / military | 249 / 232 |
Focus
⚔️ 36.7% · 🌾 63.3%
Leitis ×221 · Scout Cavalry ×9 · Monk ×2
Feudal
11:01
Castle
15:30
Imperial
29:12
| APM avg | 31.8 |
| APM peak | 79 |
| eAPM avg | 16.5 |
| Villagers / military | 145 / 287 |
Focus
⚔️ 32.8% · 🌾 67.2%
Spearman ×184 · Knight ×97 · Bombard Cannon ×4 · Trebuchet (Packed) ×2
Feudal
—
Castle
—
Imperial
—
| APM avg | 37.6 |
| APM peak | 98 |
| eAPM avg | 19.0 |
| Villagers / military | 139 / 138 |
Focus
⚔️ 34.4% · 🌾 65.6%
Bolas Rider ×125 · Skirmisher ×8 · Spearman ×2 · Trebuchet (Packed) ×2 · Kona ×1
Feudal
9:15
Castle
25:07
Imperial
37:18
| APM avg | 19.6 |
| APM peak | 44 |
| eAPM avg | 12.9 |
| Villagers / military | 86 / 5 |
Focus
⚔️ 28.3% · 🌾 71.7%
Knight ×4 · Spearman ×1
Feudal
10:56
Castle
14:38
Imperial
31:12
| APM avg | 29.6 |
| APM peak | 61 |
| eAPM avg | 22.2 |
| Villagers / military | 196 / 146 |
Focus
⚔️ 28.4% · 🌾 71.6%
Knight ×136 · Trebuchet (Packed) ×4 · Mangonel ×3 · Spearman ×3
Feudal
10:56
Castle
14:55
Imperial
27:04
| APM avg | 31.9 |
| APM peak | 60 |
| eAPM avg | 18.6 |
| Villagers / military | 144 / 211 |
Focus
⚔️ 33.1% · 🌾 66.9%
Hand Cannoneer ×200 · Trade Cart ×27 · Bombard Cannon ×6 · Monk ×4 · Trebuchet (Packed) ×1
Feudal
9:24
Castle
20:38
Imperial
33:28
| APM avg | 30.8 |
| APM peak | 58 |
| eAPM avg | 18.5 |
| Villagers / military | 72 / 5 |
Focus
⚔️ 25.6% · 🌾 74.4%
War Wagon ×4 · Trebuchet (Packed) ×1
Match map
Initial resources + every placement click. Lines = walls · curves = elevation contours. ◆ gold · ⬟ stone · ● berries · ✦ relic · ◌ wall gap
Your base· ✓ Closed at 14:26 · 0t walls · 3 gate(s)
76561198442580508's base· ✓ Closed at 13:47 · 0t walls · 2 gate(s)
Iacetanus's base· ✓ Closed at 15:30 · 0t walls · 2 gate(s)
CTMl cachi's base· ✓ Closed at 10:42 · 0t walls · 2 gate(s)
Ivan_fan_of_Mafusail's base· ✓ Closed at 25:07 · 0t walls · 2 gate(s)
名字丶好怂's base· ✓ Closed at 14:38 · 0t walls · 2 gate(s)
planz's base· ✓ Closed at 14:55 · 0t walls · 3 gate(s)
iZanor's base· ✓ Closed at 20:38 · 1t walls · 3 gate(s)
Smoothed initial terrain · ◌ = detected wall gap · hover for details
Inputs per minute
— LuisDaniel123 - - 76561198442580508
Build order — LuisDaniel123
First 150 of 364 actions detected
| 0:00 | Queue | Villager (Male) |
| 0:01 | Queue | Villager (Male) |
| 0:02 | Build | House |
| 0:03 | Build | House |
| 0:05 | Queue | Villager (Male) |
| 0:05 | Queue | Villager (Male) |
| 0:05 | Queue | Villager (Male) |
| 1:34 | Queue | Villager (Male) |
| 1:45 | Build | Lumber Camp |
| 1:57 | Queue | Villager (Male) |
| 2:02 | Queue | Villager (Male) |
| 2:31 | Queue | Villager (Male) |
| 3:13 | Queue | Villager (Male) |
| 3:31 | Queue | Villager (Male) |
| 3:31 | Queue | Villager (Male) |
| 3:55 | Queue | Villager (Male) |
| 3:57 | Build | House |
| 3:58 | Build | House |
| 4:06 | Build | House |
| 4:11 | Queue | Villager (Male) |
| 4:32 | Build | Mill |
| 4:43 | Queue | Villager (Male) |
| 4:44 | Queue | Villager (Male) |
| 4:59 | Queue | Villager (Male) |
| 4:59 | Queue | Villager (Male) |
| 4:59 | Queue | Villager (Male) |
| 5:24 | Build | House |
| 5:29 | Queue | Villager (Male) |
| 5:52 | Queue | Villager (Male) |
| 6:29 | Queue | Villager (Male) |
| 6:29 | Queue | Villager (Male) |
| 6:44 | Build | Farm |
| 7:08 | Build | Farm |
| 7:51 | Research | Feudal Age |
| 8:33 | Build | Mining Camp |
| 9:54 | Queue | Villager (Male) |
| 9:55 | Queue | Villager (Male) |
| 10:56 | Age | Feudal Age |
| 10:58 | Build | Market |
| 10:59 | Build | Blacksmith |
| 11:45 | Research | Castle Age |
| 11:45 | Research | Castle Age |
| 11:59 | Research | Double-Bit Axe |
| 11:59 | Research | Double-Bit Axe |
| 12:33 | Research | Horse Collar |
| 12:38 | Build | Farm |
| 12:43 | Build | Farm |
| 12:45 | Build | Farm |
| 12:47 | Build | Farm |
| 12:49 | Queue | Villager (Male) |
| 13:45 | Build | Farm |
| 13:46 | Build | Farm |
| 14:26 | Age | Castle Age |
| 14:28 | Build | Town Center |
| 14:36 | Build | Monastery |
| 14:39 | Build | Town Center |
| 14:44 | Build | Town Center |
| 14:45 | Queue | Villager (Male) |
| 15:00 | Build | House |
| 15:00 | Build | House |
| 15:03 | Queue | Villager (Male) |
| 15:18 | Queue | Villager (Male) |
| 15:23 | Queue | Monk |
| 15:40 | Queue | Villager (Male) |
| 15:43 | Research | Bow Saw |
| 15:45 | Queue | Villager (Male) |
| 15:45 | Queue | Villager (Male) |
| 16:06 | Queue | Villager (Male) |
| 16:11 | Build | Farm |
| 16:13 | Build | Farm |
| 16:19 | Queue | Monk |
| 16:29 | Queue | Villager (Male) |
| 16:29 | Queue | Villager (Male) |
| 16:32 | Build | House |
| 16:36 | Build | Farm |
| 16:37 | Queue | Villager (Male) |
| 16:45 | Queue | Villager (Male) |
| 16:49 | Build | Farm |
| 16:50 | Build | Farm |
| 16:56 | Queue | Villager (Male) |
| 16:58 | Build | Farm |
| 17:06 | Build | House |
| 17:08 | Queue | Villager (Male) |
| 17:13 | Build | Farm |
| 17:21 | Build | Farm |
| 17:24 | Queue | Villager (Male) |
| 17:27 | Build | Farm |
| 17:28 | Build | Farm |
| 17:30 | Queue | Villager (Male) |
| 17:40 | Build | House |
| 17:49 | Build | Farm |
| 17:50 | Build | Farm |
| 17:52 | Build | Farm |
| 17:54 | Queue | Villager (Male) |
| 17:55 | Queue | Villager (Male) |
| 18:11 | Build | House |
| 18:13 | Queue | Villager (Male) |
| 18:15 | Build | Farm |
| 18:16 | Build | Farm |
| 18:18 | Queue | Villager (Male) |
| 18:22 | Build | Farm |
| 18:30 | Queue | Villager (Male) |
| 18:30 | Queue | Villager (Male) |
| 18:34 | Build | Farm |
| 18:54 | Queue | Villager (Male) |
| 18:54 | Queue | Villager (Male) |
| 18:54 | Queue | Villager (Male) |
| 18:56 | Queue | Villager (Male) |
| 18:59 | Build | Farm |
| 19:03 | Build | House |
| 19:04 | Build | House |
| 19:08 | Queue | Villager (Male) |
| 19:10 | Queue | Villager (Male) |
| 19:20 | Build | Town Center |
| 19:23 | Queue | Villager (Male) |
| 19:24 | Queue | Villager (Male) |
| 19:30 | Build | Farm |
| 19:44 | Queue | Villager (Male) |
| 19:48 | Build | Farm |
| 19:50 | Queue | Villager (Male) |
| 19:51 | Queue | Villager (Male) |
| 19:51 | Queue | Villager (Male) |
| 20:00 | Queue | Villager (Male) |
| 20:00 | Queue | Villager (Male) |
| 20:02 | Build | Farm |
| 20:05 | Build | Farm |
| 20:07 | Build | House |
| 20:10 | Queue | Villager (Male) |
| 20:26 | Research | Gold Mining |
| 20:33 | Queue | Villager (Male) |
| 20:33 | Queue | Villager (Male) |
| 20:44 | Build | House |
| 20:44 | Build | House |
| 20:47 | Research | Wheelbarrow |
| 20:48 | Queue | Villager (Male) |
| 20:48 | Queue | Villager (Male) |
| 20:52 | Build | Farm |
| 20:53 | Build | Farm |
| 20:55 | Build | Farm |
| 21:06 | Queue | Villager (Male) |
| 21:06 | Queue | Villager (Male) |
| 21:12 | Build | Farm |
| 21:21 | Build | Farm |
| 21:22 | Build | Farm |
| 21:24 | Build | Farm |
| 21:25 | Build | Farm |
| 21:28 | Queue | Villager (Male) |
| 21:28 | Queue | Villager (Male) |
| 21:33 | Queue | Villager (Male) |
| 21:34 | Queue | Villager (Male) |
Build order — 76561198442580508
First 150 of 678 actions detected
| 0:00 | Queue | Villager (Male) |
| 0:01 | Queue | Villager (Male) |
| 0:02 | Build | House |
| 0:10 | Queue | Villager (Male) |
| 0:11 | Queue | Villager (Male) |
| 0:11 | Queue | Villager (Male) |
| 0:11 | Queue | Villager (Male) |
| 0:11 | Queue | Villager (Male) |
| 1:31 | Queue | Villager (Male) |
| 1:31 | Queue | Villager (Male) |
| 1:31 | Queue | Villager (Male) |
| 1:44 | Build | House |
| 1:45 | Build | House |
| 1:46 | Build | House |
| 2:28 | Queue | Villager (Male) |
| 2:28 | Queue | Villager (Male) |
| 2:28 | Queue | Villager (Male) |
| 2:28 | Queue | Villager (Male) |
| 2:31 | Build | Lumber Camp |
| 3:33 | Queue | Villager (Male) |
| 3:33 | Queue | Villager (Male) |
| 3:51 | Queue | Villager (Male) |
| 3:51 | Queue | Villager (Male) |
| 4:33 | Queue | Villager (Male) |
| 4:33 | Queue | Villager (Male) |
| 4:46 | Queue | Villager (Male) |
| 4:46 | Queue | Villager (Male) |
| 4:47 | Queue | Villager (Male) |
| 5:27 | Queue | Villager (Male) |
| 5:45 | Queue | Villager (Male) |
| 5:45 | Queue | Villager (Male) |
| 5:46 | Queue | Villager (Male) |
| 5:49 | Queue | Villager (Male) |
| 5:49 | Queue | Villager (Male) |
| 5:53 | Build | Mill |
| 7:43 | Research | Feudal Age |
| 7:43 | Research | Feudal Age |
| 9:10 | Queue | Villager (Male) |
| 9:28 | Queue | Villager (Male) |
| 9:55 | Build | Farm |
| 9:57 | Build | Farm |
| 10:06 | Age | Feudal Age |
| 10:11 | Build | Blacksmith |
| 10:14 | Build | Market |
| 10:59 | Build | Farm |
| 11:00 | Build | Farm |
| 11:07 | Research | Castle Age |
| 11:32 | Build | Farm |
| 11:34 | Build | Farm |
| 11:42 | Build | House |
| 11:43 | Build | House |
| 12:02 | Queue | Villager (Male) |
| 12:11 | Queue | Villager (Male) |
| 12:17 | Build | House |
| 12:21 | Research | Double-Bit Axe |
| 12:22 | Research | Double-Bit Axe |
| 12:36 | Queue | Villager (Male) |
| 13:17 | Build | House |
| 13:47 | Age | Castle Age |
| 13:51 | Build | Monastery |
| 13:52 | Queue | Villager (Male) |
| 13:53 | Queue | Villager (Male) |
| 13:53 | Queue | Villager (Male) |
| 13:57 | Build | Town Center |
| 14:02 | Queue | Villager (Male) |
| 14:02 | Queue | Villager (Male) |
| 14:03 | Queue | Villager (Male) |
| 14:03 | Queue | Villager (Male) |
| 14:03 | Queue | Villager (Male) |
| 14:20 | Research | Bow Saw |
| 14:21 | Research | Bow Saw |
| 14:38 | Queue | Monk |
| 14:38 | Queue | Monk |
| 14:43 | Queue | Villager (Male) |
| 14:50 | Research | Horse Collar |
| 14:50 | Research | Horse Collar |
| 14:52 | Queue | Villager (Male) |
| 14:53 | Queue | Villager (Male) |
| 15:00 | Queue | Villager (Male) |
| 15:00 | Queue | Villager (Male) |
| 15:02 | Build | Farm |
| 15:03 | Build | Farm |
| 15:10 | Build | Farm |
| 15:17 | Queue | Villager (Male) |
| 15:17 | Queue | Villager (Male) |
| 15:17 | Queue | Villager (Male) |
| 15:23 | Build | Farm |
| 15:36 | Queue | Villager (Male) |
| 15:47 | Build | Farm |
| 15:49 | Build | Farm |
| 15:50 | Build | Farm |
| 15:52 | Queue | Villager (Male) |
| 15:52 | Queue | Villager (Male) |
| 15:58 | Build | Farm |
| 16:02 | Queue | Villager (Male) |
| 16:02 | Queue | Villager (Male) |
| 16:24 | Queue | Villager (Male) |
| 16:24 | Queue | Villager (Male) |
| 16:28 | Queue | Villager (Male) |
| 16:28 | Queue | Villager (Male) |
| 16:30 | Build | Town Center |
| 16:33 | Queue | Villager (Male) |
| 16:33 | Queue | Villager (Male) |
| 16:54 | Queue | Villager (Male) |
| 16:55 | Queue | Villager (Male) |
| 16:55 | Queue | Villager (Male) |
| 17:15 | Queue | Villager (Male) |
| 17:17 | Queue | Villager (Male) |
| 17:18 | Queue | Villager (Male) |
| 17:28 | Build | Farm |
| 17:29 | Build | Farm |
| 17:31 | Build | Farm |
| 17:32 | Build | Farm |
| 17:33 | Build | Farm |
| 17:34 | Build | Farm |
| 17:35 | Build | Farm |
| 17:36 | Build | Farm |
| 17:37 | Build | Farm |
| 17:41 | Queue | Villager (Male) |
| 17:41 | Queue | Villager (Male) |
| 17:42 | Queue | Villager (Male) |
| 17:42 | Queue | Villager (Male) |
| 17:47 | Build | Farm |
| 17:50 | Queue | Villager (Male) |
| 17:50 | Queue | Villager (Male) |
| 17:58 | Queue | Villager (Male) |
| 18:05 | Build | House |
| 18:07 | Build | House |
| 18:08 | Build | House |
| 18:09 | Build | House |
| 18:11 | Queue | Villager (Male) |
| 18:11 | Queue | Villager (Male) |
| 18:12 | Queue | Villager (Male) |
| 18:12 | Queue | Villager (Male) |
| 18:42 | Queue | Villager (Male) |
| 18:42 | Queue | Villager (Male) |
| 18:43 | Queue | Villager (Male) |
| 18:43 | Queue | Villager (Male) |
| 18:44 | Queue | Villager (Male) |
| 19:02 | Queue | Villager (Male) |
| 19:03 | Queue | Villager (Male) |
| 19:04 | Queue | Villager (Male) |
| 19:10 | Queue | Villager (Male) |
| 19:10 | Queue | Villager (Male) |
| 19:17 | Research | Heavy Plow |
| 19:18 | Research | Heavy Plow |
| 19:19 | Queue | Villager (Male) |
| 19:21 | Queue | Villager (Male) |
| 19:22 | Queue | Villager (Male) |
| 19:22 | Queue | Villager (Male) |
Build order — Iacetanus
First 150 of 412 actions detected
| 0:01 | Queue | Villager (Male) |
| 0:01 | Queue | Villager (Male) |
| 0:01 | Queue | Villager (Male) |
| 0:02 | Queue | Villager (Male) |
| 0:03 | Build | House |
| 0:05 | Build | House |
| 1:22 | Queue | Villager (Male) |
| 1:22 | Queue | Villager (Male) |
| 1:47 | Build | Lumber Camp |
| 2:01 | Queue | Villager (Male) |
| 2:01 | Queue | Villager (Male) |
| 2:18 | Queue | Villager (Male) |
| 2:18 | Queue | Villager (Male) |
| 2:51 | Queue | Villager (Male) |
| 2:52 | Queue | Villager (Male) |
| 3:12 | Queue | Villager (Male) |
| 3:12 | Queue | Villager (Male) |
| 3:42 | Queue | Villager (Male) |
| 3:42 | Queue | Villager (Male) |
| 4:02 | Queue | Villager (Male) |
| 4:02 | Queue | Villager (Male) |
| 4:04 | Build | House |
| 4:06 | Build | House |
| 4:09 | Build | House |
| 4:13 | Queue | Villager (Male) |
| 4:14 | Queue | Villager (Male) |
| 5:01 | Queue | Villager (Male) |
| 5:01 | Queue | Villager (Male) |
| 5:04 | Queue | Villager (Male) |
| 5:04 | Queue | Villager (Male) |
| 5:11 | Build | Mill |
| 5:43 | Queue | Villager (Male) |
| 5:43 | Queue | Villager (Male) |
| 5:47 | Research | Double-Bit Axe |
| 5:58 | Queue | Villager (Male) |
| 6:11 | Queue | Villager (Male) |
| 6:12 | Queue | Villager (Male) |
| 6:34 | Research | Horse Collar |
| 6:55 | Build | Farm |
| 7:00 | Queue | Villager (Male) |
| 7:00 | Queue | Villager (Male) |
| 7:15 | Build | Farm |
| 7:24 | Queue | Villager (Male) |
| 7:40 | Build | Farm |
| 8:09 | Queue | Villager (Male) |
| 8:38 | Build | Mining Camp |
| 8:51 | Research | Feudal Age |
| 10:01 | Queue | Villager (Male) |
| 10:01 | Queue | Villager (Male) |
| 10:56 | Build | Farm |
| 11:01 | Age | Feudal Age |
| 11:03 | Build | Market |
| 11:08 | Build | Blacksmith |
| 11:36 | Build | House |
| 11:52 | Queue | Villager (Male) |
| 11:54 | Build | Farm |
| 11:58 | Build | Farm |
| 12:50 | Research | Castle Age |
| 13:05 | Build | Mining Camp |
| 13:44 | Research | Bow Saw |
| 14:13 | Research | Heavy Plow |
| 15:16 | Queue | Villager (Male) |
| 15:30 | Age | Castle Age |
| 15:32 | Queue | Villager (Male) |
| 15:36 | Build | Town Center |
| 15:39 | Queue | Villager (Male) |
| 15:45 | Build | Town Center |
| 16:35 | Queue | Villager (Male) |
| 16:44 | Queue | Villager (Male) |
| 16:44 | Queue | Villager (Male) |
| 16:48 | Build | Farm |
| 16:50 | Build | Farm |
| 16:55 | Build | Farm |
| 16:55 | Build | Farm |
| 16:55 | Build | Farm |
| 16:55 | Build | Farm |
| 16:56 | Build | Farm |
| 17:02 | Queue | Villager (Male) |
| 17:03 | Queue | Villager (Male) |
| 17:03 | Queue | Villager (Male) |
| 17:07 | Queue | Villager (Male) |
| 17:07 | Queue | Villager (Male) |
| 17:09 | Build | Farm |
| 17:23 | Queue | Villager (Male) |
| 17:23 | Queue | Villager (Male) |
| 17:27 | Build | Farm |
| 17:42 | Build | Farm |
| 17:45 | Queue | Villager (Male) |
| 17:46 | Queue | Villager (Male) |
| 18:01 | Queue | Villager (Male) |
| 18:02 | Queue | Villager (Male) |
| 18:03 | Build | Farm |
| 18:06 | Build | Farm |
| 18:09 | Build | Farm |
| 18:14 | Build | Farm |
| 18:21 | Queue | Villager (Male) |
| 18:21 | Queue | Villager (Male) |
| 18:21 | Queue | Villager (Male) |
| 18:28 | Build | House |
| 18:31 | Build | House |
| 18:32 | Build | House |
| 18:33 | Build | House |
| 18:43 | Queue | Villager (Male) |
| 18:43 | Queue | Villager (Male) |
| 19:04 | Build | Farm |
| 19:06 | Build | Farm |
| 19:08 | Build | Farm |
| 19:09 | Build | Farm |
| 19:15 | Queue | Villager (Male) |
| 19:15 | Queue | Villager (Male) |
| 19:15 | Queue | Villager (Male) |
| 19:16 | Queue | Villager (Male) |
| 19:44 | Build | Farm |
| 19:47 | Build | Farm |
| 19:49 | Build | Farm |
| 19:51 | Build | Farm |
| 19:56 | Research | Wheelbarrow |
| 19:57 | Queue | Villager (Male) |
| 19:57 | Queue | Villager (Male) |
| 19:57 | Queue | Villager (Male) |
| 20:10 | Queue | Villager (Male) |
| 20:10 | Queue | Villager (Male) |
| 20:30 | Build | Town Center |
| 20:34 | Queue | Villager (Male) |
| 20:34 | Queue | Villager (Male) |
| 20:34 | Queue | Villager (Male) |
| 20:37 | Build | Farm |
| 20:43 | Queue | Villager (Male) |
| 20:45 | Build | House |
| 20:46 | Build | House |
| 20:47 | Build | House |
| 21:21 | Queue | Villager (Male) |
| 21:22 | Queue | Villager (Male) |
| 21:22 | Queue | Villager (Male) |
| 21:24 | Research | Hand Cart |
| 21:24 | Research | Hand Cart |
| 21:33 | Build | Farm |
| 21:36 | Build | Farm |
| 21:39 | Queue | Villager (Male) |
| 21:39 | Queue | Villager (Male) |
| 21:39 | Queue | Villager (Male) |
| 21:40 | Queue | Villager (Male) |
| 21:51 | Queue | Villager (Male) |
| 22:11 | Queue | Villager (Male) |
| 22:11 | Queue | Villager (Male) |
| 22:14 | Build | House |
| 22:15 | Build | House |
| 22:16 | Build | House |
| 22:25 | Build | Farm |
| 22:28 | Build | Farm |
Build order — CTMl cachi
First 150 of 403 actions detected
| 0:01 | Queue | Villager (Male) |
| 0:01 | Queue | Villager (Male) |
| 0:01 | Queue | Villager (Male) |
| 0:02 | Build | House |
| 0:04 | Build | House |
| 0:09 | Queue | Villager (Male) |
| 0:09 | Queue | Villager (Male) |
| 0:09 | Queue | Villager (Male) |
| 1:24 | Queue | Villager (Male) |
| 2:06 | Build | Settlement |
| 2:06 | Queue | Villager (Male) |
| 2:06 | Queue | Villager (Male) |
| 2:06 | Queue | Villager (Male) |
| 2:20 | Queue | Villager (Male) |
| 2:20 | Queue | Villager (Male) |
| 2:55 | Queue | Villager (Male) |
| 2:55 | Queue | Villager (Male) |
| 2:55 | Queue | Villager (Male) |
| 3:19 | Queue | Villager (Male) |
| 3:19 | Queue | Villager (Male) |
| 3:40 | Queue | Villager (Male) |
| 3:40 | Queue | Villager (Male) |
| 3:40 | Queue | Villager (Male) |
| 4:36 | Queue | Villager (Male) |
| 4:36 | Queue | Villager (Male) |
| 4:36 | Queue | Villager (Male) |
| 5:12 | Queue | Villager (Male) |
| 5:13 | Queue | Villager (Male) |
| 5:55 | Build | Settlement |
| 6:45 | Queue | Villager (Male) |
| 7:15 | Research | Feudal Age |
| 7:30 | Build | Outpost |
| 8:32 | Build | Farm |
| 9:27 | Build | House |
| 9:31 | Build | Market |
| 9:35 | Queue | Villager (Male) |
| 9:40 | Build | Blacksmith |
| 10:01 | Queue | Villager (Male) |
| 10:32 | Build | Outpost |
| 10:42 | Research | Castle Age |
| 11:10 | Research | Double-Bit Axe |
| 11:57 | Build | Farm |
| 11:59 | Build | Farm |
| 12:12 | Queue | Spearman |
| 12:22 | Build | Outpost |
| 12:31 | Queue | Villager (Male) |
| 12:36 | Build | House |
| 13:24 | Build | Town Center |
| 13:25 | Queue | Villager (Male) |
| 13:46 | Queue | Villager (Male) |
| 13:51 | Build | Farm |
| 13:52 | Build | Farm |
| 13:53 | Build | Farm |
| 14:07 | Queue | Villager (Male) |
| 14:20 | Build | Farm |
| 14:24 | Queue | Villager (Male) |
| 14:25 | Queue | Villager (Male) |
| 14:28 | Build | Outpost |
| 14:34 | Queue | Villager (Male) |
| 14:42 | Build | Farm |
| 14:55 | Build | Farm |
| 14:56 | Queue | Villager (Male) |
| 14:57 | Queue | Villager (Male) |
| 15:02 | Build | Outpost |
| 15:05 | Queue | Villager (Male) |
| 15:05 | Queue | Villager (Male) |
| 15:13 | Build | Farm |
| 15:16 | Build | Farm |
| 15:28 | Queue | Villager (Male) |
| 15:32 | Build | Farm |
| 15:34 | Queue | Villager (Male) |
| 15:51 | Queue | Villager (Male) |
| 16:02 | Build | House |
| 16:07 | Queue | Villager (Male) |
| 16:12 | Build | Outpost |
| 16:21 | Build | Town Center |
| 16:29 | Queue | Villager (Male) |
| 16:31 | Build | House |
| 16:32 | Queue | Villager (Male) |
| 16:39 | Build | Outpost |
| 16:48 | Build | Farm |
| 16:51 | Build | Farm |
| 16:53 | Build | House |
| 16:55 | Queue | Villager (Male) |
| 17:06 | Build | Farm |
| 17:13 | Build | House |
| 17:14 | Queue | Villager (Male) |
| 17:27 | Queue | Villager (Male) |
| 17:31 | Build | Farm |
| 17:42 | Queue | Villager (Male) |
| 17:48 | Queue | Villager (Male) |
| 17:56 | Queue | Villager (Male) |
| 18:13 | Queue | Villager (Male) |
| 18:17 | Build | Farm |
| 18:23 | Queue | Villager (Male) |
| 18:29 | Queue | Villager (Male) |
| 18:29 | Queue | Villager (Male) |
| 18:31 | Build | Farm |
| 18:32 | Build | Farm |
| 18:32 | Build | Farm |
| 18:32 | Build | Farm |
| 18:32 | Build | Farm |
| 18:33 | Build | Farm |
| 18:33 | Build | Farm |
| 18:38 | Build | Farm |
| 18:40 | Queue | Villager (Male) |
| 18:40 | Queue | Villager (Male) |
| 18:50 | Queue | Villager (Male) |
| 18:51 | Queue | Villager (Male) |
| 18:58 | Build | Farm |
| 19:00 | Queue | Villager (Male) |
| 19:01 | Queue | Villager (Male) |
| 19:15 | Build | Farm |
| 19:17 | Queue | Villager (Male) |
| 19:17 | Queue | Villager (Male) |
| 19:21 | Queue | Villager (Male) |
| 19:21 | Queue | Villager (Male) |
| 19:22 | Queue | Villager (Male) |
| 19:28 | Build | Settlement |
| 19:31 | Queue | Villager (Male) |
| 19:37 | Queue | Villager (Male) |
| 19:41 | Build | House |
| 19:49 | Queue | Villager (Male) |
| 19:53 | Queue | Villager (Male) |
| 19:59 | Queue | Villager (Male) |
| 20:06 | Build | Farm |
| 20:09 | Queue | Villager (Male) |
| 20:11 | Build | Farm |
| 20:13 | Build | Farm |
| 20:17 | Build | Farm |
| 20:17 | Queue | Villager (Male) |
| 20:17 | Queue | Villager (Male) |
| 20:28 | Build | House |
| 20:35 | Queue | Villager (Male) |
| 20:41 | Build | Farm |
| 20:43 | Queue | Villager (Male) |
| 20:52 | Queue | Villager (Male) |
| 20:55 | Build | Farm |
| 21:03 | Build | House |
| 21:05 | Queue | Villager (Male) |
| 21:13 | Queue | Villager (Male) |
| 21:20 | Queue | Villager (Male) |
| 21:23 | Research | Horse Collar |
| 21:25 | Queue | Villager (Male) |
| 21:33 | Queue | Villager (Male) |
| 21:40 | Build | House |
| 21:51 | Research | Bow Saw |
| 21:51 | Queue | Villager (Male) |
| 21:55 | Build | House |
| 22:01 | Research | Wheelbarrow |
Build order — Ivan_fan_of_Mafusail
First 150 of 176 actions detected
| 0:02 | Queue | Villager (Male) |
| 0:02 | Queue | Villager (Male) |
| 0:02 | Queue | Villager (Male) |
| 0:03 | Build | House |
| 0:05 | Build | House |
| 0:50 | Queue | Villager (Male) |
| 1:31 | Queue | Villager (Male) |
| 1:32 | Queue | Villager (Male) |
| 1:47 | Build | Lumber Camp |
| 2:01 | Queue | Villager (Male) |
| 2:01 | Queue | Villager (Male) |
| 2:16 | Queue | Villager (Male) |
| 2:17 | Queue | Villager (Male) |
| 2:59 | Queue | Villager (Male) |
| 2:59 | Queue | Villager (Male) |
| 3:16 | Queue | Villager (Male) |
| 3:16 | Queue | Villager (Male) |
| 3:35 | Build | House |
| 3:41 | Queue | Villager (Male) |
| 3:41 | Queue | Villager (Male) |
| 3:41 | Queue | Villager (Male) |
| 4:20 | Queue | Villager (Male) |
| 4:21 | Queue | Villager (Male) |
| 4:55 | Queue | Villager (Male) |
| 5:45 | Queue | Villager (Male) |
| 5:46 | Queue | Villager (Male) |
| 5:59 | Research | Loom |
| 6:14 | Build | Mining Camp |
| 6:44 | Build | Barracks |
| 7:05 | Research | Feudal Age |
| 8:09 | Queue | Villager (Male) |
| 8:09 | Queue | Villager (Male) |
| 9:01 | Queue | Villager (Male) |
| 9:15 | Age | Feudal Age |
| 9:22 | Build | Watch Tower |
| 9:51 | Queue | Spearman |
| 10:01 | Build | House |
| 10:05 | Queue | Villager (Male) |
| 10:05 | Queue | Villager (Male) |
| 11:17 | Queue | Villager (Male) |
| 11:18 | Queue | Villager (Male) |
| 11:24 | Build | Mill |
| 12:01 | Queue | Villager (Male) |
| 12:43 | Queue | Villager (Male) |
| 12:43 | Queue | Villager (Male) |
| 13:18 | Build | Watch Tower |
| 13:26 | Research | Double-Bit Axe |
| 13:29 | Build | House |
| 13:46 | Queue | Villager (Male) |
| 13:49 | Build | Farm |
| 13:49 | Build | Farm |
| 13:49 | Build | Farm |
| 13:49 | Build | Farm |
| 13:50 | Build | Farm |
| 14:26 | Queue | Villager (Male) |
| 14:44 | Queue | Villager (Male) |
| 14:47 | Build | Farm |
| 15:06 | Queue | Villager (Male) |
| 15:13 | Build | Farm |
| 15:21 | Build | Farm |
| 15:32 | Build | House |
| 15:42 | Queue | Villager (Male) |
| 15:50 | Build | House |
| 16:01 | Build | Blacksmith |
| 16:07 | Queue | Villager (Male) |
| 16:07 | Queue | Villager (Male) |
| 16:25 | Build | House |
| 16:38 | Queue | Villager (Male) |
| 16:44 | Build | Farm |
| 16:49 | Research | Fletching |
| 17:06 | Research | Horse Collar |
| 17:13 | Build | Farm |
| 17:16 | Queue | Villager (Male) |
| 17:50 | Queue | Villager (Male) |
| 17:53 | Queue | Villager (Male) |
| 18:34 | Queue | Villager (Male) |
| 19:01 | Queue | Villager (Male) |
| 19:01 | Queue | Villager (Male) |
| 19:04 | Build | Farm |
| 19:04 | Build | Farm |
| 19:06 | Build | Farm |
| 19:07 | Build | Farm |
| 19:17 | Build | Mining Camp |
| 19:43 | Queue | Villager (Male) |
| 19:43 | Queue | Villager (Male) |
| 20:39 | Queue | Villager (Male) |
| 20:39 | Queue | Villager (Male) |
| 21:31 | Build | Stable |
| 21:34 | Build | Stable |
| 21:41 | Queue | Villager (Male) |
| 22:20 | Queue | Villager (Male) |
| 22:23 | Queue | Villager (Male) |
| 22:23 | Queue | Villager (Male) |
| 22:28 | Research | Castle Age |
| 22:44 | Build | Watch Tower |
| 23:05 | Research | Gold Mining |
| 23:19 | Queue | Villager (Male) |
| 23:19 | Queue | Villager (Male) |
| 23:49 | Research | Stone Mining |
| 23:54 | Build | Mining Camp |
| 24:03 | Research | Scale Barding Armor |
| 24:07 | Research | Bloodlines |
| 25:07 | Age | Castle Age |
| 25:22 | Queue | Knight |
| 25:22 | Queue | Knight |
| 25:29 | Build | House |
| 25:35 | Build | House |
| 25:41 | Research | Wheelbarrow |
| 26:17 | Research | Bodkin Arrow |
| 26:56 | Queue | Villager (Male) |
| 27:06 | Build | Watch Tower |
| 27:10 | Queue | Villager (Male) |
| 27:56 | Queue | Villager (Male) |
| 27:56 | Queue | Villager (Male) |
| 28:15 | Build | Castle |
| 28:24 | Research | Bow Saw |
| 28:30 | Build | University |
| 28:35 | Queue | Villager (Male) |
| 28:42 | Queue | Knight |
| 28:42 | Queue | Knight |
| 29:05 | Queue | Villager (Male) |
| 29:15 | Build | Farm |
| 29:16 | Build | Farm |
| 29:17 | Build | Farm |
| 29:24 | Build | Mill |
| 29:38 | Build | Watch Tower |
| 29:40 | Build | Watch Tower |
| 29:41 | Build | Watch Tower |
| 29:47 | Research | Guard Tower (upgrade) |
| 29:51 | Queue | Villager (Male) |
| 29:51 | Queue | Villager (Male) |
| 30:40 | Queue | Villager (Male) |
| 30:40 | Queue | Villager (Male) |
| 31:14 | Build | Town Center |
| 31:30 | Queue | Villager (Male) |
| 31:30 | Queue | Villager (Male) |
| 31:54 | Research | Ballistics |
| 32:20 | Queue | Villager (Male) |
| 32:21 | Queue | Villager (Male) |
| 32:53 | Build | Watch Tower |
| 32:55 | Build | Watch Tower |
| 33:18 | Queue | Villager (Male) |
| 33:18 | Queue | Villager (Male) |
| 33:20 | Build | Farm |
| 33:21 | Build | Farm |
| 33:58 | Research | Imperial Age |
| 34:22 | Build | Watch Tower |
| 34:23 | Build | Watch Tower |
| 34:31 | Research | Masonry |
| 34:51 | Build | Town Center |
Build order — 名字丶好怂
First 150 of 549 actions detected
| 0:00 | Queue | Villager (Male) |
| 0:01 | Queue | Villager (Male) |
| 0:01 | Queue | Villager (Male) |
| 0:02 | Queue | Villager (Male) |
| 0:02 | Queue | Villager (Male) |
| 0:03 | Build | House |
| 0:05 | Build | House |
| 1:32 | Queue | Villager (Male) |
| 1:32 | Queue | Villager (Male) |
| 1:53 | Build | Lumber Camp |
| 2:00 | Queue | Villager (Male) |
| 2:01 | Queue | Villager (Male) |
| 2:01 | Queue | Villager (Male) |
| 2:54 | Queue | Villager (Male) |
| 2:54 | Queue | Villager (Male) |
| 2:54 | Queue | Villager (Male) |
| 3:21 | Queue | Villager (Male) |
| 3:25 | Build | House |
| 3:26 | Build | House |
| 3:59 | Queue | Villager (Male) |
| 3:59 | Queue | Villager (Male) |
| 4:20 | Queue | Villager (Male) |
| 4:20 | Queue | Villager (Male) |
| 4:21 | Queue | Villager (Male) |
| 4:56 | Queue | Villager (Male) |
| 4:57 | Queue | Villager (Male) |
| 5:15 | Build | Mill |
| 5:29 | Build | Mining Camp |
| 5:45 | Queue | Villager (Male) |
| 5:47 | Queue | Villager (Male) |
| 5:47 | Queue | Villager (Male) |
| 5:47 | Queue | Villager (Male) |
| 5:47 | Queue | Villager (Male) |
| 5:48 | Queue | Villager (Male) |
| 6:53 | Queue | Villager (Male) |
| 8:06 | Research | Feudal Age |
| 9:18 | Queue | Villager (Male) |
| 9:18 | Queue | Villager (Male) |
| 10:06 | Build | House |
| 10:26 | Build | House |
| 10:56 | Age | Feudal Age |
| 11:03 | Build | Market |
| 11:08 | Build | Blacksmith |
| 11:39 | Build | Farm |
| 11:40 | Build | Farm |
| 11:50 | Build | Farm |
| 11:58 | Research | Castle Age |
| 11:59 | Research | Castle Age |
| 12:16 | Build | Lumber Camp |
| 12:21 | Build | Farm |
| 12:22 | Build | Farm |
| 12:24 | Build | Farm |
| 12:26 | Build | Farm |
| 12:52 | Research | Double-Bit Axe |
| 12:52 | Research | Double-Bit Axe |
| 12:55 | Build | Farm |
| 12:56 | Build | Farm |
| 13:14 | Queue | Villager (Male) |
| 13:14 | Queue | Villager (Male) |
| 13:39 | Queue | Villager (Male) |
| 13:40 | Queue | Villager (Male) |
| 14:38 | Age | Castle Age |
| 14:40 | Build | Town Center |
| 14:47 | Build | Town Center |
| 14:54 | Research | Bow Saw |
| 15:05 | Queue | Villager (Male) |
| 15:05 | Queue | Villager (Male) |
| 15:11 | Build | Farm |
| 15:23 | Queue | Villager (Male) |
| 15:35 | Build | Farm |
| 15:38 | Queue | Villager (Male) |
| 16:00 | Build | Farm |
| 16:03 | Queue | Villager (Male) |
| 16:05 | Build | Farm |
| 16:07 | Build | Farm |
| 16:12 | Queue | Villager (Male) |
| 16:23 | Build | House |
| 16:24 | Build | House |
| 16:25 | Queue | Villager (Male) |
| 16:25 | Queue | Villager (Male) |
| 16:25 | Queue | Villager (Male) |
| 16:36 | Queue | Villager (Male) |
| 16:36 | Queue | Villager (Male) |
| 16:37 | Queue | Villager (Male) |
| 16:47 | Queue | Villager (Male) |
| 16:56 | Queue | Villager (Male) |
| 17:05 | Build | Farm |
| 17:13 | Build | Farm |
| 17:13 | Queue | Villager (Male) |
| 17:17 | Build | Farm |
| 17:19 | Build | Farm |
| 17:20 | Queue | Villager (Male) |
| 17:21 | Queue | Villager (Male) |
| 17:25 | Queue | Villager (Male) |
| 17:37 | Build | Siege Workshop |
| 17:41 | Queue | Villager (Male) |
| 17:42 | Queue | Villager (Male) |
| 17:44 | Build | House |
| 17:44 | Build | House |
| 17:45 | Build | House |
| 17:50 | Build | Farm |
| 17:54 | Build | Farm |
| 17:56 | Build | Farm |
| 17:57 | Queue | Villager (Male) |
| 17:58 | Queue | Villager (Male) |
| 18:06 | Queue | Villager (Male) |
| 18:06 | Queue | Villager (Male) |
| 18:09 | Build | Farm |
| 18:16 | Build | Farm |
| 18:20 | Build | Farm |
| 18:23 | Build | Farm |
| 18:28 | Build | Farm |
| 18:28 | Queue | Villager (Male) |
| 18:29 | Queue | Villager (Male) |
| 18:29 | Queue | Villager (Male) |
| 18:29 | Queue | Villager (Male) |
| 18:34 | Build | House |
| 18:42 | Queue | Villager (Male) |
| 18:42 | Queue | Villager (Male) |
| 18:45 | Queue | Villager (Male) |
| 18:45 | Queue | Villager (Male) |
| 18:51 | Queue | Villager (Male) |
| 18:51 | Queue | Villager (Male) |
| 18:53 | Queue | Mangonel |
| 18:53 | Queue | Mangonel |
| 19:02 | Queue | Villager (Male) |
| 19:02 | Queue | Villager (Male) |
| 19:13 | Build | House |
| 19:13 | Build | House |
| 19:17 | Build | Farm |
| 19:21 | Queue | Villager (Male) |
| 19:21 | Queue | Villager (Male) |
| 19:22 | Queue | Villager (Male) |
| 19:28 | Build | Farm |
| 19:31 | Queue | Villager (Male) |
| 19:34 | Queue | Villager (Male) |
| 19:57 | Queue | Villager (Male) |
| 19:58 | Queue | Villager (Male) |
| 19:58 | Queue | Villager (Male) |
| 19:58 | Queue | Villager (Male) |
| 19:59 | Queue | Villager (Male) |
| 20:14 | Queue | Villager (Male) |
| 20:17 | Research | Wheelbarrow |
| 20:18 | Research | Wheelbarrow |
| 20:29 | Queue | Villager (Male) |
| 20:29 | Queue | Villager (Male) |
| 20:30 | Queue | Villager (Male) |
| 20:34 | Build | Town Center |
| 20:48 | Queue | Villager (Male) |
| 20:49 | Queue | Villager (Male) |
Build order — planz
First 150 of 351 actions detected
| 0:01 | Queue | Villager (Male) |
| 0:03 | Build | House |
| 0:04 | Build | House |
| 0:11 | Queue | Villager (Male) |
| 0:12 | Queue | Villager (Male) |
| 0:12 | Queue | Villager (Male) |
| 1:26 | Queue | Villager (Male) |
| 1:27 | Queue | Villager (Male) |
| 1:44 | Queue | Villager (Male) |
| 1:45 | Queue | Villager (Male) |
| 2:11 | Build | Lumber Camp |
| 2:28 | Queue | Villager (Male) |
| 2:28 | Queue | Villager (Male) |
| 2:37 | Queue | Villager (Male) |
| 2:37 | Queue | Villager (Male) |
| 3:05 | Queue | Villager (Male) |
| 3:07 | Queue | Villager (Male) |
| 3:07 | Queue | Villager (Male) |
| 3:25 | Build | House |
| 4:04 | Queue | Villager (Male) |
| 4:09 | Queue | Villager (Male) |
| 4:09 | Queue | Villager (Male) |
| 4:32 | Queue | Villager (Male) |
| 4:33 | Queue | Villager (Male) |
| 5:00 | Queue | Villager (Male) |
| 5:01 | Queue | Villager (Male) |
| 5:05 | Build | Mill |
| 5:57 | Build | House |
| 6:03 | Queue | Villager (Male) |
| 6:24 | Queue | Villager (Male) |
| 6:41 | Queue | Villager (Male) |
| 6:41 | Queue | Villager (Male) |
| 7:03 | Build | Farm |
| 7:04 | Build | Farm |
| 7:06 | Build | Farm |
| 7:38 | Queue | Villager (Male) |
| 7:38 | Research | Feudal Age |
| 8:12 | Research | Feudal Age |
| 8:32 | Build | Mining Camp |
| 8:58 | Build | House |
| 10:56 | Age | Feudal Age |
| 11:19 | Build | Market |
| 11:21 | Build | Blacksmith |
| 11:22 | Queue | Villager (Male) |
| 11:23 | Queue | Villager (Male) |
| 11:50 | Research | Double-Bit Axe |
| 12:15 | Research | Castle Age |
| 12:20 | Research | Horse Collar |
| 12:34 | Queue | Villager (Male) |
| 12:34 | Queue | Villager (Male) |
| 13:04 | Build | Farm |
| 13:32 | Build | Farm |
| 13:33 | Build | Farm |
| 13:34 | Build | Farm |
| 14:55 | Age | Castle Age |
| 14:58 | Build | Town Center |
| 15:04 | Build | Monastery |
| 15:11 | Queue | Villager (Male) |
| 15:23 | Queue | Villager (Male) |
| 15:50 | Build | Farm |
| 15:51 | Queue | Monk |
| 15:56 | Build | House |
| 15:57 | Build | House |
| 16:01 | Queue | Villager (Male) |
| 16:03 | Queue | Villager (Male) |
| 16:05 | Queue | Villager (Male) |
| 16:06 | Queue | Villager (Male) |
| 16:17 | Queue | Villager (Male) |
| 16:20 | Build | Farm |
| 16:28 | Queue | Villager (Male) |
| 16:28 | Research | Loom |
| 16:36 | Build | Town Center |
| 16:44 | Research | Town Watch |
| 16:47 | Queue | Villager (Male) |
| 16:47 | Queue | Villager (Male) |
| 16:52 | Build | Farm |
| 16:54 | Queue | Villager (Male) |
| 16:54 | Queue | Villager (Male) |
| 16:54 | Queue | Villager (Male) |
| 16:55 | Queue | Villager (Male) |
| 17:02 | Queue | Monk |
| 17:03 | Queue | Villager (Male) |
| 17:04 | Queue | Villager (Male) |
| 17:07 | Build | House |
| 17:09 | Queue | Villager (Male) |
| 17:09 | Queue | Villager (Male) |
| 17:13 | Queue | Villager (Male) |
| 17:23 | Queue | Villager (Male) |
| 17:48 | Queue | Villager (Male) |
| 17:48 | Queue | Villager (Male) |
| 17:48 | Queue | Villager (Male) |
| 17:52 | Build | Farm |
| 17:53 | Build | Farm |
| 17:55 | Build | Farm |
| 17:55 | Build | Farm |
| 17:56 | Build | Farm |
| 17:56 | Build | Farm |
| 17:56 | Build | Farm |
| 17:56 | Build | Farm |
| 17:58 | Queue | Villager (Male) |
| 17:58 | Queue | Villager (Male) |
| 18:21 | Queue | Villager (Male) |
| 18:22 | Queue | Villager (Male) |
| 18:40 | Queue | Villager (Male) |
| 18:40 | Queue | Villager (Male) |
| 18:41 | Queue | Villager (Male) |
| 18:43 | Build | House |
| 18:43 | Build | House |
| 18:56 | Queue | Villager (Male) |
| 18:56 | Queue | Villager (Male) |
| 19:00 | Build | Farm |
| 19:06 | Build | Farm |
| 19:08 | Build | Farm |
| 19:10 | Build | Farm |
| 19:14 | Queue | Villager (Male) |
| 19:14 | Queue | Villager (Male) |
| 19:15 | Queue | Villager (Male) |
| 19:17 | Build | Mill |
| 19:18 | Build | Farm |
| 19:18 | Build | Farm |
| 19:18 | Build | Farm |
| 19:19 | Build | Farm |
| 19:19 | Build | Farm |
| 19:19 | Build | Farm |
| 19:20 | Build | Farm |
| 19:32 | Queue | Villager (Male) |
| 19:33 | Queue | Villager (Male) |
| 19:33 | Queue | Villager (Male) |
| 19:39 | Queue | Villager (Male) |
| 19:39 | Queue | Villager (Male) |
| 19:50 | Queue | Villager (Male) |
| 19:50 | Queue | Villager (Male) |
| 19:58 | Queue | Villager (Male) |
| 19:58 | Queue | Villager (Male) |
| 20:14 | Queue | Villager (Male) |
| 20:14 | Queue | Villager (Male) |
| 20:24 | Queue | Villager (Male) |
| 20:24 | Queue | Villager (Male) |
| 20:27 | Build | Farm |
| 20:28 | Build | Farm |
| 20:29 | Build | Farm |
| 20:47 | Queue | Villager (Male) |
| 20:47 | Queue | Villager (Male) |
| 21:04 | Queue | Villager (Male) |
| 21:05 | Queue | Villager (Male) |
| 21:07 | Build | Mill |
| 21:07 | Build | Farm |
| 21:08 | Build | Farm |
| 21:08 | Build | Farm |
| 21:08 | Build | Farm |
Build order — iZanor
First 150 of 157 actions detected
| 0:01 | Queue | Villager (Male) ×4 |
| 0:02 | Build | House |
| 0:03 | Build | House |
| 1:35 | Queue | Villager (Male) |
| 1:49 | Build | Lumber Camp |
| 2:04 | Queue | Villager (Male) |
| 2:30 | Queue | Villager (Male) |
| 2:35 | Queue | Villager (Male) |
| 3:18 | Queue | Villager (Male) |
| 3:39 | Build | House |
| 3:40 | Build | House |
| 3:44 | Queue | Villager (Male) |
| 4:14 | Queue | Villager (Male) |
| 4:15 | Queue | Villager (Male) |
| 4:30 | Queue | Villager (Male) |
| 4:36 | Queue | Villager (Male) |
| 5:10 | Build | Mill |
| 5:25 | Queue | Villager (Male) |
| 5:42 | Queue | Villager (Male) |
| 5:50 | Queue | Villager (Male) |
| 6:39 | Queue | Villager (Male) |
| 6:47 | Research | Loom |
| 7:14 | Research | Feudal Age |
| 8:15 | Build | Palisade Gate |
| 9:00 | Build | House |
| 9:14 | Build | Mining Camp |
| 9:24 | Age | Feudal Age |
| 9:28 | Build | Watch Tower |
| 9:34 | Queue | Villager (Male) |
| 10:16 | Queue | Villager (Male) |
| 10:34 | Build | Stone Wall |
| 10:49 | Queue | Villager (Male) |
| 11:40 | Queue | Villager (Male) |
| 11:40 | Queue | Villager (Male) |
| 11:46 | Build | Watch Tower |
| 11:58 | Queue | Villager (Male) |
| 12:08 | Build | Market |
| 12:11 | Queue | Villager (Male) |
| 12:38 | Build | Blacksmith |
| 13:01 | Queue | Villager (Male) |
| 13:05 | Build | House |
| 13:30 | Build | Watch Tower |
| 13:46 | Research | Fletching |
| 13:50 | Queue | Villager (Male) |
| 13:57 | Build | Mining Camp |
| 14:37 | Queue | Villager (Male) |
| 15:11 | Queue | Villager (Male) |
| 15:18 | Build | House |
| 15:26 | Build | Farm |
| 15:29 | Build | Farm |
| 15:35 | Queue | Villager (Male) |
| 15:38 | Build | Farm |
| 15:40 | Build | Farm |
| 16:01 | Queue | Villager (Male) |
| 16:04 | Build | Farm |
| 16:27 | Queue | Villager (Male) |
| 16:30 | Build | Farm |
| 16:51 | Queue | Villager (Male) |
| 17:13 | Build | House |
| 17:16 | Queue | Villager (Male) |
| 17:58 | Research | Castle Age |
| 18:33 | Research | Double-Bit Axe |
| 18:42 | Research | Horse Collar |
| 19:04 | Queue | Villager (Male) |
| 20:38 | Age | Castle Age |
| 20:43 | Queue | Villager (Male) |
| 20:53 | Research | Bow Saw |
| 21:18 | Queue | Villager (Male) |
| 21:51 | Queue | Villager (Male) |
| 21:54 | Build | Farm |
| 21:57 | Build | Farm |
| 21:59 | Build | Farm |
| 22:11 | Queue | Villager (Male) |
| 22:15 | Build | House |
| 22:28 | Research | Heavy Plow |
| 22:31 | Build | Farm |
| 22:36 | Build | Farm |
| 22:40 | Queue | Villager (Male) |
| 22:56 | Build | Farm |
| 23:02 | Queue | Villager (Male) |
| 23:11 | Build | Farm |
| 23:27 | Queue | Villager (Male) |
| 23:54 | Build | Farm |
| 24:20 | Queue | Villager (Male) |
| 24:39 | Queue | Villager (Male) |
| 24:41 | Build | Farm |
| 24:54 | Queue | Villager (Male) |
| 25:18 | Queue | Villager (Male) |
| 25:54 | Build | Town Center |
| 26:23 | Queue | Villager (Male) |
| 26:25 | Queue | Villager (Male) |
| 26:49 | Build | Castle |
| 26:52 | Build | House |
| 26:55 | Build | House |
| 27:09 | Build | House |
| 27:15 | Build | Farm |
| 27:24 | Queue | Villager (Male) |
| 27:38 | Queue | Villager (Male) |
| 27:39 | Queue | Villager (Male) |
| 27:39 | Queue | Villager (Male) |
| 27:52 | Build | House |
| 28:08 | Queue | Villager (Male) |
| 28:09 | Queue | Villager (Male) |
| 28:13 | Build | Farm |
| 28:29 | Queue | Villager (Male) |
| 28:34 | Queue | Villager (Male) |
| 28:36 | Build | House |
| 28:37 | Build | House |
| 28:50 | Queue | Villager (Male) |
| 29:00 | Research | Gold Mining |
| 29:03 | Research | Wheelbarrow |
| 29:05 | Queue | Villager (Male) |
| 29:24 | Build | Farm |
| 29:25 | Build | Farm |
| 29:29 | Build | Farm |
| 29:32 | Build | Farm |
| 29:34 | Build | Farm |
| 29:36 | Build | Farm |
| 29:38 | Build | Farm |
| 29:40 | Queue | Villager (Male) |
| 29:43 | Build | House |
| 29:44 | Build | House |
| 30:13 | Research | Imperial Age |
| 30:15 | Queue | Villager (Male) |
| 30:18 | Build | Farm |
| 30:22 | Build | Farm |
| 30:40 | Build | Lumber Camp |
| 31:15 | Queue | Villager (Male) |
| 31:17 | Queue | Villager (Male) |
| 31:20 | Build | House |
| 31:20 | Build | House |
| 31:54 | Queue | Villager (Male) |
| 31:55 | Queue | Villager (Male) |
| 31:57 | Queue | Villager (Male) |
| 32:35 | Queue | Villager (Male) |
| 32:35 | Queue | Villager (Male) |
| 32:36 | Queue | Villager (Male) |
| 32:36 | Queue | Villager (Male) |
| 33:14 | Queue | Villager (Male) |
| 33:16 | Queue | Villager (Male) |
| 33:28 | Age | Imperial Age |
| 33:36 | Queue | Trebuchet (Packed) |
| 33:58 | Queue | War Wagon |
| 34:18 | Research | Hand Cart |
| 34:20 | Queue | Villager (Male) |
| 34:23 | Build | Mining Camp |
| 34:25 | Research | Bodkin Arrow |
| 34:33 | Queue | War Wagon |
| 34:40 | Queue | War Wagon |
| 34:49 | Build | Barracks |
Match timeline
| 6:44 | Ivan_fan_of_Mafusail · first_building Barracks |
| 9:15 | Ivan_fan_of_Mafusail · age_up feudal |
| 9:24 | iZanor · age_up feudal |
| 10:06 | 76561198442580508 · age_up feudal |
| 10:34 | iZanor · wall_segment Stone Wall x1 |
| 10:41 | CTMl cachi · first_market_sell 100 stone |
| 10:56 | LuisDaniel123 · age_up feudal |
| 10:56 | 名字丶好怂 · age_up feudal |
| 10:56 | planz · age_up feudal |
| 11:01 | Iacetanus · age_up feudal |
| 13:47 | 76561198442580508 · age_up castle |
| 13:51 | 76561198442580508 · first_building Monastery |
| 14:26 | LuisDaniel123 · age_up castle |
| 14:29 | 76561198442580508 · first_market_sell 100 food |
| 14:36 | LuisDaniel123 · first_building Monastery |
| 14:38 | 名字丶好怂 · age_up castle |
| 14:55 | planz · age_up castle |
| 15:04 | planz · first_building Monastery |
| 15:30 | Iacetanus · age_up castle |
| 17:37 | 名字丶好怂 · first_building Siege Workshop |
| 17:38 | iZanor · first_market_sell 100 stone |
| 17:39 | iZanor · first_market_buy 100 food |
| 19:17 | LuisDaniel123 · first_market_buy 100 stone |
| 20:38 | iZanor · age_up castle |
| 21:31 | Ivan_fan_of_Mafusail · first_building Stable |
| 23:22 | 76561198442580508 · first_building Barracks |
| 23:32 | 名字丶好怂 · first_market_sell 100 wood |
| 23:46 | CTMl cachi · first_building Castle |
| 23:54 | planz · first_market_sell 100 food |
| 24:00 | 76561198442580508 · first_building Stable |
| 24:15 | Iacetanus · first_building Castle |
| 24:33 | CTMl cachi · first_building Barracks |
| 24:45 | planz · first_building Barracks |
| 24:53 | Iacetanus · first_building Barracks |
| 25:07 | Ivan_fan_of_Mafusail · age_up castle |
| 25:22 | CTMl cachi · first_building Archery Range |
| 25:42 | CTMl cachi · first_market_buy 100 wood |
| 25:49 | 名字丶好怂 · first_building Barracks |
| 26:14 | planz · first_building Archery Range |
| 26:37 | 名字丶好怂 · first_building Castle |
| 26:43 | LuisDaniel123 · first_building Castle |
| 26:49 | planz · first_market_buy 100 stone |
| 26:49 | iZanor · first_building Castle |
| 26:55 | planz · first_building Castle |
| 27:00 | LuisDaniel123 · first_building Barracks |
| 27:04 | planz · age_up imperial |
| 27:38 | Iacetanus · first_building Stable |
| 27:42 | 76561198442580508 · first_building Castle |
| 27:49 | 名字丶好怂 · first_building Stable |
| 27:52 | LuisDaniel123 · first_building Archery Range |
| 27:53 | LuisDaniel123 · first_building Stable |
| 28:15 | Ivan_fan_of_Mafusail · first_building Castle |
| 28:28 | planz · first_building Siege Workshop |
| 29:12 | Iacetanus · age_up imperial |
| 29:28 | LuisDaniel123 · age_up imperial |
| 30:02 | 76561198442580508 · age_up imperial |
| 30:54 | Iacetanus · first_building Siege Workshop |
| 31:12 | 名字丶好怂 · age_up imperial |
| 31:16 | LuisDaniel123 · first_building Siege Workshop |
| 31:33 | 76561198442580508 · first_market_buy 100 stone |
| 32:37 | Iacetanus · first_market_sell 100 food |
| 33:08 | 名字丶好怂 · wall_segment Stone Wall x5 |
| 33:28 | iZanor · age_up imperial |
| 34:24 | LuisDaniel123 · first_market_sell 500 food |
| 34:49 | iZanor · first_building Barracks |
| 35:36 | iZanor · first_building Archery Range |
| 36:36 | iZanor · resign |
| 37:18 | Ivan_fan_of_Mafusail · age_up imperial |
[ AI ANALYSIS · 1 CREDIT ]
What really happened in this match?
Wolo.gg analyzes every decision: build order, eco, micro, common mistakes by bracket. Personalized analysis on WhatsApp or Discord in 30 seconds.
Civ guide
Mongols
Perfil
LuisDaniel123